 Dungeon Crawl Stone Soup version 0.30-a0-557-ge2afbf3030 (webtiles) character file.

Game seed: 13222959325466315655

8038 Shayle the Nimble (level 11, -11/102 HPs)
             Began as a Tengu Reaver on Dec 27, 2022.
             Was a Believer of Kikubaaqudgha.
             Mangled by a komodo dragon (21 damage)
             ... on level 10 of the Dungeon.
             The game lasted 00:42:50 (8750 turns).

Shayle the Nimble (Tengu Reaver)                    Turns: 8750, Time: 00:42:51

Health: -11/102    AC: 32    Str: 12    XL:     11   Next: 24%
Magic:  19/22      EV:  2    Int: 18    God:    Kikubaaqudgha [**....]
Gold:   545        SH:  0    Dex: 13    Spells: 19/24 levels left

rFire   . . .      SeeInvis .    s - +4 glaive (protect)
rCold   + + .      Faith    .    (shield currently unavailable)
rNeg    + + .      Spirit   .    (body armour currently unavailable)
rPois   +          Reflect  .    (helmet currently unavailable)
rElec   .          Harm     .    (cloak currently unavailable)
rCorr   .          Rampage  .    (gloves currently unavailable)
Will    .....      NoTele   +    (boots unavailable)
Stlth   +                        f - amulet of regeneration
HPRegen 1.17/turn                v - ring "Peibuf" {rC+ rN++}
MPRegen 0.18/turn                t - ring of protection from cold

@: mighty, tree-form, under a protective aura, animating dead, studying Long
Blades
A: stationary, stasis, torment immunity, boosted hp, (beak), (talons 3), nimble
flight
a: Renounce Religion, Unearth Wretches


You were on level 10 of the Dungeon.
You worshipped Kikubaaqudgha.
Kikubaaqudgha was pleased with you.
You were a tree.
You visited 2 branches of the dungeon, and saw 11 of its levels.
You also visited: Sewer and Ossuary.

You collected 545 gold pieces.

Inventory:

Hand Weapons
 d - the +9 staff of Wucad Mu {*channel}
   (You acquired it on level 4 of the Dungeon)

   It occasionally powers its wielder's spells, but with a chance of causing
   confusion or draining the wielder's intelligence.
   It becomes more likely to activate and less likely to backfire with increased
   Evocations skill.
 q - a +1 mace of protection
 s - a +4 glaive of protection (weapon)
Missiles
 r - 4 silver boomerangs (quivered)
Armour
 b - a +0 leather armour (melded)
 l - a +2 cloak (melded)
 y - a +0 troll leather armour {Pargi}
Jewellery
 e - a ring of magical power
 f - an amulet of regeneration (around neck)
 t - a ring of protection from cold (right branch)
 v - the ring "Peibuf" (left branch) {rC+ rN++}
   (You acquired it in a sewer)

   [ring of protection from cold]

   rC:        It protects you from cold.
   rN:        It greatly protects you from negative energy.
 z - an amulet of guardian spirit
 I - a ring of ice
 K - a +6 ring of strength
 M - a +6 ring of strength
Wands
 w - a wand of charming (6)
Scrolls
 a - a scroll of brand weapon
 g - 4 scrolls of fog
 h - a scroll of identify
 k - 4 scrolls of teleportation
 n - 2 scrolls of fear
 o - a scroll of torment
 D - 3 scrolls of poison
 E - 7 scrolls of immolation
 F - 3 scrolls of blinking
 H - a scroll of vulnerability
Potions
 i - 4 potions of curing
 j - 6 potions of mutation
 m - 2 potions of cancellation {unknown}
 p - 4 potions of flight
 u - 4 potions of resistance
 x - a potion of brilliance
 A - a potion of haste
 B - a potion of might
 C - 2 potions of magic
 G - a potion of ambrosia
 J - a potion of attraction


   Skills:
 + Level 8.1 Fighting
 - Level 3.2 Polearms
 + Level 9.0 Dodging
 + Level 7.1 Spellcasting
 - Level 4.0 Conjurations
 + Level 8.5 Necromancy
 + Level 7.2 Evocations


You had 19 spell levels left.
You knew the following spells:

 Your Spells              Type           Power      Damage    Failure   Level
a - Kiss of Death         Conj/Necr      100%       2d13      1%          1
b - Animate Dead          Necr           37%        N/A       3%          4

Your spell library contained the following spells:

 Spells                   Type           Power      Damage    Failure   Level
 Necrotise                Necr           100%       1d9       1%          1
 Cigotuvi's Dreadful Rot  Necr/Pois/Air  32%        N/A       4%          2
 Momentum Strike          Conj/Tloc      26%        3d8       7%          2
 Beastly Appendage        Tmut           12%        N/A       11%         1
 Summon Small Mammal      Summ           24%        N/A       11%         1
 Hailstorm                Conj/Ice       13%        3d5       14%         3
 Wereblood                Tmut           6%         N/A       16%         2
 Call Canine Familiar     Summ           6%         N/A       32%         3
 Spider Form              Tmut/Pois      6%         N/A       32%         3
 Summon Guardian Golem    Hex/Summ       6%         N/A       32%         3
 Ice Form                 Ice/Tmut       6%         N/A       71%         4
 Simulacrum               Ice/Necr       10%        N/A       96%         6


Dungeon Overview and Level Annotations

Branches:
Dungeon (10/15)            Temple (1/1) D:5            Lair (0/5) D:9
    Orc (0/2) D:9           Sewer (visited)         Ossuary (visited)

Altars:
Ashenzari
Cheibriados
Dithmenos
Elyvilon
Fedhas
Gozag
Hepliaklqana
Kikubaaqudgha
Makhleb
Nemelex Xobeh
Okawaru
Qazlal
Ru
Sif Muna
Trog
Uskayaw
Vehumet
Wu Jian
Xom
Yredelemnul
Zin

Shops:
D:3 (   D:4 :   D:10 *

Annotations:
D:9 Erica


Innate Abilities, Weirdness & Mutations

You are a tree.
Your roots penetrate the ground, keeping you stationary.
You cannot be teleported.
You are immune to unholy pain and torment.
Your maximum health is greatly increased.
Your equipment is partially melded.
((You have a beak for a mouth.))
((You have claws for feet.))
Your magical nature lets you fly swiftly and evasively.


Message History

You reach down and open the door.
There is an open door here.
You now have 545 gold pieces (gained 16).
k - 4 scrolls of teleportation (gained 1)
A komodo dragon is nearby!
Casting: Animate Dead (dangerous; 4% risk of failure)
Confirm with . or Enter, or press ? or * to list all spells.
Okay, then.
Casting: Animate Dead (dangerous; 4% risk of failure)
Confirm with . or Enter, or press ? or * to list all spells.
You call upon the dead to rise.
You closely miss the komodo dragon.
You claw the komodo dragon, but do no damage.
The komodo dragon bites you!!
You slash the komodo dragon!
Your weapon exudes an aura of protection.
Your peck misses the komodo dragon.
The komodo dragon is lightly wounded.
The komodo dragon bites you!!
* * * LOW HITPOINT WARNING * * *
The komodo dragon barely misses you.
Really quaff the potion of lignification?
You turn into a tree.
Your +2 cloak melds into your body.
Your +0 leather armour melds into your body.
Your roots penetrate the ground.
The komodo dragon bites you!!
* * * LOW HITPOINT WARNING * * *
You feel very mighty all of a sudden.
The komodo dragon bites you but does no damage.
Casting: Animate Dead (dangerous; 3% risk of failure)
Confirm with . or Enter, or press ? or * to list all spells.
Okay, then.
You slash the komodo dragon!
Your weapon exudes an aura of protection.
The komodo dragon is moderately wounded.
The komodo dragon bites you but does no damage.
You barely miss the komodo dragon.
The komodo dragon is moderately wounded.
The komodo dragon bites you!!
You die...
Kikubaaqudgha rasps: "You have failed me!
Welcome... death!"

,*#................#.##.#.#
,*#.......###.###..#.##.#.#
**#######.# #.# *..#.##)#.# *
##.###+#*#..#.##.#.# *
#..##*_+,,.....#.#,*
*#######..###+#*#.#####.#,*
,.....##..# #.# #.......#+#######
#####.....###.###..####..........
...............l♣.#* #..........
..............#########..........
......####.##....................
......# #....#########..........
^.....# ###..#..O....#..........
......# #..#.####..(..........
......# ##l..#######..........
......# ***#.............#######
####### *~≈~~≈~#~≈~~~~~~~≈##


You could see a komodo dragon.

Vanquished Creatures
  A two-headed ogre (D:10)
  A manticore (D:9)
  A cyclops (D:7)
  Joseph (D:8)
  3 trolls
  Prince Ribbit (D:9)
  A yak (D:6)
  A vampire (D:7)
  2 wyverns (D:10)
  A steam dragon (D:6)
  2 swamp worms (D:8)
  An acid dragon (D:9)
  2 water moccasins
  A sky beast (D:8)
  Pargi (Sewer)
  2 orc warriors (D:8)
  A black bear (D:6)
  2 ogres (D:5)
  A centaur (D:9)
  6 phantoms
  A kobold brigand (Sewer)
  3 bullfrogs
  7 scorpions
  3 necrophages
  A gnoll sergeant (D:6)
  9 wights
  3 killer bees (D:9)
  A troll zombie (D:9)
  3 howler monkeys
  A centaur zombie (Ossuary)
  4 orc priests
  2 hounds
  4 jellies
  5 iguanas
  15 orc wizards
  6 ogre zombies (D:9)
  5 mummies
  A gnoll (D:4)
  6 adders
  A river rat (D:4)
  A white imp (D:7)
  An ufetubus (D:5)
  A worm (D:3)
  29 orcs
  6 bats
  3 endoplasms
  2 giant cockroaches
  A gnoll zombie (Ossuary)
  9 goblins
  6 hobgoblins
  5 jackals
  6 kobolds
  4 quokkas
  8 ball pythons
  5 frilled lizards
  4 goblin zombies
  5 hobgoblin skeletons (D:9)
  6 hobgoblin zombies
  A kobold zombie (Ossuary)
  2 orc skeletons (D:9)
  10 orc zombies (D:9)
  4 rats
232 creatures vanquished.

Vanquished Creatures (collateral kills)
  A shadow (D:10)
  3 wights
  A dart slug (D:9)
  An orc (D:10)
6 creatures vanquished.

Vanquished Creatures (others)
  An acid dragon (D:9)
  A wyvern zombie (D:10)
  2 orc zombies (D:10)
  5 fungi (D:9)
  8 plants
17 creatures vanquished.

Grand Total: 255 creatures vanquished

Notes
Turn   | Place    | Note
-------+----------+-------------------------------------------
     0 | D:1      | Shayle the Tengu Reaver began the quest for the Orb.
     0 | D:1      | Reached XP level 1. HP: 12/12 MP: 4/4
   127 | D:1      | Reached XP level 2. HP: 17/17 MP: 6/6
   131 | D:1      | Found a faded altar of an unknown god.
   172 | D:1      | Reached skill level 1 in Necromancy
   852 | D:2      | Reached XP level 3. HP: 22/22 MP: 7/7
  1083 | D:2      | You fall into a shaft and drop 1 floor!
  1145 | D:3      | Reached skill level 3 in Dodging
  1426 | D:3      | Found Aluqouxt's Weapon Emporium.
  1593 | D:4      | Found an opulent altar of Gozag.
  1631 | D:4      | Noticed a scorpion
  1648 | D:4      | Killed a scorpion
  1649 | D:4      | Reached XP level 4. HP: 9/28 MP: 8/8
  1649 | D:4      | Gained mutation: Your magical nature lets you fly swiftly
                  | and evasively. [Tengu growth]
  1649 | D:4      | Reached XP level 5. HP: 10/32 MP: 9/9
  1681 | D:4      | Identified a scroll of acquirement
  1702 | D:4      | Acquired the +9 staff of Wucad Mu {*channel}
  1702 | D:4      | Found the +9 staff of Wucad Mu {*channel}
  1817 | D:4      | Reached skill level 4 in Dodging
  1817 | D:4      | Reached skill level 1 in Evocations
  1817 | D:4      | Reached XP level 6. HP: 37/37 MP: 10/10
  1827 | D:4      | Found a faded altar of an unknown god.
  1827 | D:4      | Found a shimmering blue altar of Sif Muna.
  1873 | D:4      | Found a stormy altar of Qazlal.
  1876 | D:4      | Found a radiant altar of Vehumet.
  1877 | D:4      | Found a glowing silver altar of Zin.
  2005 | D:4      | Found a blossoming altar of Fedhas.
  2047 | D:4      | Found a glowing drain.
  2056 | Sewer    | Entered a sewer
  2077 | Sewer    | Acquired the ring "Peibuf" {rC+ rN++}
  2172 | Sewer    | Noticed Pargi
  2198 | Sewer    | Killed Pargi
  2199 | Sewer    | Reached XP level 7. HP: 43/43 MP: 10/12
  2369 | D:4      | Found Dibasej's Tremendous Tomes.
  2574 | D:5      | Entered Level 5 of the Dungeon
  2607 | D:5      | Found a hazy altar of Hepliaklqana.
  2655 | D:5      | Found a staircase to the Ecumenical Temple.
  2665 | Temple   | Entered the Ecumenical Temple
  2799 | D:5      | Found a sand-covered staircase.
  2805 | Ossuary  | Entered an ossuary
  3083 | D:5      | Reached skill level 5 in Dodging
  3088 | D:5      | Reached XP level 8. HP: 46/48 MP: 14/14
  3109 | D:5      | Reached skill level 5 in Fighting
  3158 | D:5      | Reached skill level 5 in Necromancy
  3577 | D:6      | Reached skill level 6 in Dodging
  3745 | D:6      | Reached XP level 9. HP: 53/54 MP: 16/16
  4165 | D:6      | Reached skill level 5 in Spellcasting
  4404 | D:6      | Reached skill level 5 in Evocations
  4490 | D:7      | Found an ancient bone altar of Kikubaaqudgha.
  4507 | D:7      | Became a worshipper of Kikubaaqudgha
  4560 | D:7      | Reached skill level 7 in Dodging
  4701 | D:8      | Noticed Joseph
  4720 | D:8      | Killed Joseph
  4721 | D:8      | Reached XP level 10. HP: 37/61 MP: 19/19
  4750 | D:8      | Identified the +1 robe of Twilight {rPois rC+ Str+3 Dex-2}
  4843 | D:8      | Found an ornate altar of the Wu Jian Council.
  4853 | D:8      | Found a burning altar of Makhleb.
  5139 | D:8      | Found a sparkling altar of Nemelex Xobeh.
  5952 | D:9      | Noticed Prince Ribbit
  5995 | D:9      | Killed Prince Ribbit
  6165 | D:9      | Found a snail-covered altar of Cheibriados.
  6165 | D:9      | Noticed a manticore
  6305 | D:7      | Noticed a boulder beetle
  6387 | D:7      | Reached * piety under Kikubaaqudgha
  6387 | D:7      | Received a gift from Kikubaaqudgha
  6413 | D:7      | Learned a level 4 spell: Animate Dead
  6618 | D:7      | Reached skill level 8 in Dodging
  6647 | D:7      | Noticed a deep elf pyromancer
  6690 | D:7      | HP: 3/63 [fire elemental[a deep elf pyromancer] (9)]
  6867 | D:7      | Noticed a cyclops
  6877 | D:7      | Killed a cyclops
  7589 | D:9      | Found a staircase to the Orcish Mines.
  7874 | D:9      | Found a staircase to the Lair.
  7874 | D:9      | Noticed Erica
  7906 | D:9      | Reached ** piety under Kikubaaqudgha
  7988 | D:10     | Entered Level 10 of the Dungeon
  8121 | D:10     | Reached XP level 11. HP: 49/68 MP: 22/22
  8265 | D:10     | Noticed a two-headed ogre
  8299 | D:10     | Killed a two-headed ogre
  8388 | D:10     | Found Xatyathy's General Store.
  8414 | D:9      | Killed a manticore
  8539 | D:9      | Reached skill level 9 in Dodging
  8747 | D:10     | HP: 5/102 [komodo dragon (19)]
  8750 | D:10     | Mangled by a komodo dragon

Illustrated notes

Levels and vault maps discovered:
D:1:      sevenhm_arrival_forest_fort_small_6, layout_basic,
          hellmonk_ecumenical_altar_arch_garden, minmay_hexomino_p4
D:2:      layout_basic, kennysheep_generic_room_8
D:3:      layout_basic, serial_shops, nicolae_shop_bloodbath_and_beyond
D:4:      layout_basic, mainiacjoe_overflow_paths,
          mainiacjoe_overflow_small_starburst,
          chequers_temple_overflow_minitemple, portal_sewer_entry_e,
          grunt_ministairs_13, nicolae_shop_i_like_big_books
D:5:      layout_basic, mainiacjoe_overflow_boulevard,
          minmay_temple_entry_antechambers, gup_ossuary_entry_pyramid,
          minmay_fractal_squares_5
D:6:      layout_loops_ring, serial_bayou_ford_a, minmay_manual_monolith
D:7:      layout_cave_pools, mainiacjoe_overflow_catwalk,
          nicolae_concentric_dashed_squares_mild, wad_mini_maze
D:8:      layout_basic, nemelex_xobeh_ov_fountains_minmay,
          mainiacjoe_overflow_large_starburst, minivault_19, worms_lemuel,
          uniq_joseph
D:9:      layout_basic, kennysheep_slug_shrine, dpeg_oklobed_lair,
          zombieorc2_lemuel, uniq_prince_ribbit1, uniq_erica
D:10:     layout_basic, lemuel_doored_altar, serial_shops,
          nicolae_stop_n_shop_2, chequers_serial_rivers_large_b
Temple:   compressed_dpeg_triangle_lava_temple

Skill      XL: |  1  2  3  4  5  6  7  8  9 10 11 |
---------------+----------------------------------+-----
Necromancy     | 1 2 3 4 5 6 8 |  8.5
Dodging        | 3 4 5 6 7 8 9 |  9.0
Fighting       | 3 4 5 6 7 8 |  8.1
Evocations     | 1 2 4 5 6 7 |  7.2
Spellcasting   | 3 4 5 6 7 |  7.1
Polearms       | |  3.2
Conjurations   | |  4.0

Action                   |  1- 3 |  4- 6 |  7- 9 | 10-12 || total
-------------------------+-------+-------+-------+-------++-------
Melee: Spear             |    98 |       |       |       ||    98
       Peck              |    15 |    10 |    42 |    60 ||   127
       Kick              |    22 |    11 |    68 |    96 ||   197
       Glaive            |    17 |    59 |   232 |   354 ||   662
       Punch             |     1 |       |       |       ||     1
Throw: Boomerang         |       |       |       |     4 ||     4
 Cast: Animate Dead      |       |       |       |     3 ||     3
Evoke: Wand              |       |       |     4 |     7 ||    11
  Use: Scroll            |     3 |     7 |     9 |    17 ||    36
       Potion            |     1 |       |     3 |    14 ||    18
 Stab: Sleeping          |       |       |     1 |       ||     1
Armor: Leather armour    |    40 |    14 |    35 |    94 ||   183
       Skin              |       |       |       |     5 ||     5
Dodge: Dodged            |    82 |    67 |   187 |   332 ||   668

Table legend: (Time is in decaauts)
 A = Elapsed time spent in this place.
 B = Non-inter-level travel time spent in this place.
 C = Inter-level travel time spent in this place.
 D = Time resting spent in this place.
 E = Time spent auto-exploring this place.
 F = Levels seen in this place.
 G = Mean time per level.
                   A        B        C        D        E       F      G
               +--------+--------+--------+--------+--------+-----+--------+
         Total |   8642 |   8416 |    226 |   1098 |   3507 |  13 |  664.8 |
       Dungeon |   8095 |   7869 |    226 |    990 |   3507 |  10 |  809.5 |
        Temple |     60 |     60 |      0 |      0 |      0 |   1 |   60.0 |
         Sewer |    270 |    270 |      0 |    100 |      0 |   1 |  270.0 |
       Ossuary |    216 |    216 |      0 |      8 |      0 |   1 |  216.0 |
               +--------+--------+--------+--------+--------+-----+--------+

Top non-repeatable levels by time:
     D:8: 1474 daAuts
     D:9: 1239 daAuts
     D:7: 980 daAuts
     D:6: 903 daAuts
     D:4: 715 daAuts
     D:5: 660 daAuts
     D:1: 643 daAuts
    D:10: 554 daAuts
     D:3: 488 daAuts
     D:2: 435 daAuts
   Sewer: 270 daAuts
 Ossuary: 216 daAuts
  Temple: 60 daAuts
